 Dungeon Sprint DCSS version 0.20-a0-61-ga1b20b4 (webtiles) character file.

53 Faca the Skirmisher (level 3, -6/37 HPs)
             Began as a Draconian Berserker on Nov 18, 2016.
             Was a Believer of Trog.
             Mangled by a water elemental (11 damage)
             ... in the Dungeon (Sprint III: "The Ten Rune Challenge").
             The game lasted 00:03:11 (507 turns).

Faca the Skirmisher (Draconian Berserker)            Turns: 507, Time: 00:03:12

Health: -6/37      AC:  5    Str: 19    XL:     3   Next: 62%
Magic:  3/3        EV: 13    Int:  7    God:    Trog [**....]
Gold:   17         SH:  0    Dex: 11    Spells: 0 memorised, 2 levels left

rFire  . . .     SeeInvis .     a - +1 falchion
rCold  . . .     Gourm    .     (armour unavailable)
rNeg   . . .     Faith    .     (no shield)
rPois  .         Spirit   .     (helmet restricted)
rElec  .         Reflect  .     (no cloak)
rCorr  .         Harm     .     (no gloves)
MR     .....     NoTele   +     (no boots)
Stlth  +.........               (no amulet)
                                (no ring)
                                (no ring)

@: engulfed (cannot breathe)
A: unfitting armour, cold-blooded, AC +5
a: Berserk, Trog's Hand, Burn Spellbooks, Renounce Religion


You were in the Dungeon.
You worshipped Trog.
Trog was pleased with you.
You were not hungry.

You visited 1 branch You collected 17 gold pieces.

Inventory:

Hand Weapons
 a - a +1 falchion (weapon)
Scrolls
 h - a scroll of blinking
 q - a scroll of remove curse
 r - a scroll of fog
Potions
 c - a potion of curing
 d - a potion of heal wounds
 e - a potion of haste
 f - 2 potions of magic
 g - a potion of berserk rage
 i - 2 potions of mutation {unknown}
 n - a potion of might {unknown}
 o - 3 potions of flight
 s - 2 potions of cure mutation
Comestibles
 b - 2 bread rations
 m - a fruit


   Skills:
 + Level 5.7 Fighting
 + Level 5.2 Long Blades
 + Level 4.3 Dodging
 + Level 0.2 Stealth


You had 2 spell levels left.
You didn't know any spells.

Dungeon Overview and Level Annotations

Branches:
Dungeon (1/1)

Altars:


Innate Abilities, Weirdness & Mutations

Your plain brown scales are hard. (AC +5)
You cannot fit into any form of body armour.
You are cold-blooded and may be slowed by cold attacks.


Message History

Your +0 falchion glows red for a moment.
There is an open door here.
You open the door.
A water elemental comes into view.
You slash the water elemental!
The water elemental is moderately damaged.
The water elemental hits you!!
Ouch! That really hurt!
The water elemental engulfs you in water!
You hit the water elemental but do no damage.
The water elemental is moderately damaged.
* * * LOW HITPOINT WARNING * * *
Your lungs strain for air!
The water elemental completely misses you.
You hit the water elemental.
The water elemental is heavily damaged.
* * * LOW HITPOINT WARNING * * *
Your lungs strain for air!
The water elemental hits you!
You die...

▓▓▓▓▓▓▓▓ ▓▓▓ <..#[..####
##.# ...#......#####..#
..##.....).#..#..#
##.##.##...#?.#..# #+#+#
##.##.###..##'#.@#......
#.####.##..###...E.⌠....
.###..##..####...#...###
#..†..##..###....#.⌠.#
###..##...##.....# ..#
##..##....#......# ###
#..###..##.#.....# #..#
#..#####....# ▓▓▓▓ ▓▓▓▓
▓▓▓▓▓▓


You could see a water elemental.

Vanquished Creatures
  Jessica (D)
  A human (D)
  An ooze (D)
  A phantom (D)
  A rat (D)
5 creatures vanquished.

Vanquished Creatures (others)
  2 draconian scorchers (D)
  6 hellions (D)
  2 yaktaurs (D)
  3 plants (D)
13 creatures vanquished.

Grand Total: 18 creatures vanquished

Notes
Turn   | Place    | Note
-------+----------+-------------------------------------------
     0 | D        | Faca the Draconian Berserker began the quest for the Orb.
     0 | D        | Reached XP level 1. HP: 19/19 MP: 1/1
    16 | D        | Killed a yaktaur
    26 | D        | Noticed Jessica
    30 | D        | Killed Jessica
    30 | D        | Reached ** piety under Trog
    30 | D        | Reached skill level 5 in Fighting
    30 | D        | Reached XP level 2. HP: 15/29 MP: 2/2
    30 | D        | Reached XP level 3. HP: 19/36 MP: 3/3
   106 | D        | Killed a hellion
   114 | D        | Killed a hellion
   115 | D        | Killed a hellion
   115 | D        | Killed a hellion
   115 | D        | Killed a hellion
   115 | D        | Killed a hellion
   178 | D        | Killed a white draconian scorcher
   210 | D        | Reached skill level 5 in Long Blades
   210 | D        | Killed a white draconian scorcher
   356 | D        | Killed a yaktaur
   503 | D        | Noticed a water elemental
   507 | D        | Mangled by a water elemental

Vault maps used:
D:        dungeon_sprint_mu

Skill      XL: |  1  2  3 |
---------------+----------+-----
Fighting       | 5 |  5.7
Dodging        | 4 |  4.3
Long Blades    | 4 5 |  5.2
Stealth        | |  0.2

Action                   || total
-------------------------++-------
Melee: Falchion          ||    34
       Tailslap          ||     5
  Use: Scroll            ||     5
 Stab: Sleeping          ||     1
Armor: Skin              ||     5
Dodge: Dodged            ||    19
       Rpst.: Falchion   ||     6
